 Dungeon Crawl Stone Soup version 0.22-a0-565-gfc6459a (webtiles) character file.

14200 nikopol the Thaumaturge (level 11, -1/56 HPs)
             Began as a Deep Elf Fire Elementalist on June 28, 2018.
             Was an Elder of Vehumet.
             Engulfed by a cloud of freezing vapour (27 damage)
             ... in an ice cave.
             The game lasted 00:45:29 (13598 turns).

nikopol the Thaumaturge (DEFE)                     Turns: 13598, Time: 00:45:30

Health: -1/56      AC:  7    Str:  5    XL:     11   Next: 85%
Magic:  46/46      EV: 13    Int: 24    God:    Vehumet [****..]
Gold:   419        SH:  6    Dex: 15    Spells: 23/38 levels left

rFire    + . .     SeeInvis .   v - staff of power
rCold    . . .     Gourm    +   b - +1 buckler
rNeg     . . .     Faith    .   a - +0 robe
rPois    .         Spirit   .   s - +2 helmet
rElec    .         Reflect  .   F - +0 cloak
rCorr    .         Harm     .   G - +0 pair of gloves
MR       +....                  (no boots)
Stlth    +++.......             w - amulet of the gourmand
HPRegen  0.18/turn              (no ring)
MPRegen  0.30/turn              u - ring of protection from fire

@: no status effects
A: no striking features
a: Renounce Religion


You were in an ice cave.
You worshipped Vehumet.
Vehumet was greatly pleased with you.
You were very full.

You visited 3 branches of the dungeon, and saw 12 of its levels.
You also visited: Labyrinth, Sewer and Ice Cave.

You collected 419 gold pieces.

Inventory:

Armour
 a - a +0 robe (worn)
 b - a +1 buckler (worn)
 s - a +2 helmet (worn)
 F - a +0 cloak (worn)
 G - a +0 pair of gloves (worn)
Magical Staves
 v - an uncursed staff of power (weapon)
 I - an uncursed staff of energy
 L - an uncursed staff of conjuration
Jewellery
 u - a ring of protection from fire (right hand)
 w - an amulet of the gourmand (around neck)
Wands
 B - a wand of polymorph (16)
 H - a wand of digging (14)
 J - a wand of random effects (26)
Scrolls
 d - 5 scrolls of teleportation
 i - a scroll of immolation
 n - a scroll of fog
 p - 7 scrolls of fear
 r - 8 scrolls of blinking
 y - 3 scrolls of remove curse
 A - 2 scrolls of amnesia
 D - a scroll of vulnerability {unknown}
Potions
 e - 2 potions of agility
 f - 2 potions of brilliance
 g - 2 potions of mutation
 h - 2 potions of magic
 j - a potion of berserk rage {unknown}
 k - a potion of heal wounds {unknown}
 m - 3 potions of curing
 o - 3 potions of lignification
 q - a potion of resistance {unknown}
 t - 3 potions of might
 x - 2 potions of invisibility
 z - 2 potions of haste
 E - 3 potions of ambrosia
Comestibles
 c - 15 rations


   Skills:
 + Level 1.4 Fighting
 + Level 3.2 Dodging
 + Level 4.7 Stealth
 + Level 4.5 Shields
 + Level 14.0 Spellcasting
 + Level 11.0 Conjurations
 + Level 11.4 Fire Magic


You had 23 spell levels left.
You knew the following spells:

 Your Spells              Type           Power        Failure   Level  Hunger
a - Flame Tongue          Conj/Fire      #####        1%          1    None
b - Throw Flame           Conj/Fire      ######       1%          2    None
c - Conjure Flame         Conj/Fire      ######..     1%          3    None
d - Sticky Flame          Conj/Fire      ######..     1%          4    None
e - Fireball              Conj/Fire      ######....   1%          5    ###....

Your spell library contained the following spells:

 Spells                   Type           Power        Failure   Level  Hunger
 Lightning Bolt           Conj/Air       #####.....   2%          5    ###....
 Confuse                  Hex            ###.....     11%         3    None
 Summon Small Mammal      Summ           ###.         3%          1    None
 Corpse Rot               Necr           N/A          5%          2    None
 Stone Arrow              Conj/Erth      #####.       1%          3    None
 Statue Form              Tmut/Erth      ###......    99%         6    #####..
 Dragon Form              Tmut           ###.......   100%        7    ######.
 Deflect Missiles         Chrm/Air       ###.......   99%         6    #####..
 Confusing Touch          Hex            ###...       3%          1    None
 Metabolic Englaciation   Hex/Ice        ###.......   67%         5    ###....
 Silence                  Hex/Air        ###.......   67%         5    ###....
 Conjure Ball Lightning   Conj/Air       #####.....   16%         6    #####..
 Petrify                  Tmut/Erth      ###.....     34%         4    None
 Tornado                  Air            ###.......   100%        9    #######
 Leda's Liquefaction      Hex/Erth       ###.......   34%         4    None
 Summon Hydra             Summ           ###.......   100%        7    ######.
 Inner Flame              Hex/Fire       #####...     1%          3    None
 Summon Forest            Summ/Tloc      ###.......   67%         5    ###....
 Summon Lightning Spire   Summ/Air       ###.....     34%         4    None
 Summon Mana Viper        Hex/Summ       ###.....     67%         5    ###....
 Hydra Form               Tmut           ###.......   99%         6    #####..
 Irradiate                Conj/Tmut      #####.....   2%          5    ###....
 Gell's Gravitas          Tloc           ###.......   11%         3    None
 Yara's Violent Unravell  Hex/Tmut       ###.......   24%         5    ###....


Dungeon Overview and Level Annotations

Branches:
Dungeon (8/15)             Temple (1/1) D:5            Lair (3/6) D:8
 Shoals (0/4) Lair:3       Spider (0/4) Lair:3

Altars:
Ashenzari
Cheibriados
Elyvilon
Fedhas
Gozag
Hepliaklqana
Kikubaaqudgha
Makhleb
Nemelex Xobeh
Okawaru
Ru
Sif Muna
Trog
Uskayaw
Vehumet
Xom
Yredelemnul
Zin
The Shining One


Message History

HP restored.
Put on which piece of jewellery? (? for menu, Esc to quit)
Okay, then.
Wear which item? (? for menu, Esc to quit)
Okay, then.
As you read the scroll of identify, it crumbles to dust.
E - 3 potions of ambrosia You are engulfed in freezing vapours.
You are engulfed in freezing vapours.
* * * LOW HITPOINT WARNING * * *
You see here an executioner's axe of freezing.
You see here a glaive of freezing.
Evoke which item? (* to show all) (? for menu, Esc to quit)
Aiming: Dig
Press: ? - help, Shift-Dir - straight line An ice covered rock wall.
The rock shatters into small pieces.
You start resting.
You are engulfed in freezing vapours.
You die...

#. #.# # #.# ### ###.#
..### §#§# ....####
§§§##
.....≈.##########§§§.##
..#.........##..@## §##
.###.#...........)###§.#
## ######..##.....##§§§#
# #...##....####§§#
#...###.###§§§###
##....###...§##
##.......§### ###....###
######


There were no monsters in sight!

Vanquished Creatures
  A minotaur (Lab)
  A hydra (Lair:1)
  Erica (D:8)
  An oklob plant (Lair:2)
  A manticore (D:8)
  Maurice (D:8)
  2 ice statues (IceCv)
  3 spiny frogs
  2 gargoyles (Lab)
  2 rime drakes (Lair:3)
  2 komodo dragons (Lair:2)
  An ice devil (IceCv)
  A hornet (D:8)
  3 blink frogs (Lair:2)
  A hippogriff (Lair:2)
  A shadow (Lab)
  9 yaks
  4 hungry ghosts (Lab)
  3 wargs (D:8)
  8 water moccasins
  A porcupine (Lair:1)
  An orc warrior (D:8)
  3 ice beasts
  2 sky beasts
  A black bear (D:6)
  3 ogres
  A phantom (D:5)
  5 centaurs
  4 crocodiles
  4 bullfrogs
  A howler monkey (D:4)
  A centaur zombie (D:6)
  A bullfrog zombie (D:6)
  A quasit (D:6)
  2 hounds
  A jelly (D:8)
  9 orc priests
  2 bullfrog skeletons (D:6)
  10 orc wizards
  A centaur skeleton (D:7)
  4 worker ants
  A hound zombie (D:6)
  A hound skeleton (D:8)
  A worker ant zombie (D:6)
  8 gnolls
  12 adders
  3 river rats (Sewer)
  9 white imps (IceCv)
  3 ufetubi (IceCv)
  An ooze (D:1)
  2 adder zombies
  An adder skeleton (D:3)
  2 worms (D:5)
  3 dart slugs
  10 leopard geckos
  32 orcs
  7 giant cockroaches
  7 goblins
  9 hobgoblins
  15 jackals
  4 quokkas
  5 ball pythons
  9 bats
  14 frilled lizards
  A giant cockroach zombie (D:5)
  A jackal zombie (D:5)
  10 kobolds
  20 rats
  A plant (Lair:2)
298 creatures vanquished.

Vanquished Creatures (others)
  4 white imps (IceCv)
  4 ufetubi (IceCv)
  2 fungi
  2 plants (Lair:1)
12 creatures vanquished.

Grand Total: 310 creatures vanquished

Notes
Turn   | Place    | Note
-------+----------+-------------------------------------------
     0 | D:1      | nikopol the Deep Elf Fire Elementalist began the quest for the Orb.
     0 | D:1      | Reached XP level 1. HP: 10/10 MP: 6/6
    74 | D:1      | Reached XP level 2. HP: 13/15 MP: 0/8
   472 | D:1      | Reached XP level 3. HP: 19/19 MP: 5/9
  1061 | D:2      | Reached XP level 4. HP: 23/24 MP: 0/11
  1073 | D:2      | Learned a level 2 spell: Throw Flame
  1077 | D:2      | Learned a level 3 spell: Conjure Flame
  1082 | D:2      | Learned a level 4 spell: Sticky Flame
  1895 | D:3      | Reached skill level 4 in Spellcasting
  2088 | D:3      | Reached XP level 5. HP: 17/28 MP: 3/13
  2516 | D:3      | Found a snail-covered altar of Cheibriados.
  2675 | D:4      | Found a glowing golden altar of the Shining One.
  2696 | D:4      | Reached skill level 1 in Shields
  2696 | D:4      | Reached skill level 5 in Fire Magic
  3044 | D:3      | Found a hazy altar of Hepliaklqana.
  3168 | D:4      | Reached XP level 6. HP: 31/33 MP: 10/14
  3199 | D:4      | Found an ancient bone altar of Kikubaaqudgha.
  3539 | D:5      | Entered Level 5 of the Dungeon
  3638 | D:5      | Found a glowing drain.
  3652 | Sewer    | Entered a sewer
  3687 | Sewer    | Reached skill level 1 in Fighting
  3908 | Sewer    | Reached skill level 5 in Spellcasting
  3916 | Sewer    | Learned a level 5 spell: Fireball
  4369 | D:5      | Reached XP level 7. HP: 38/38 MP: 5/17
  4489 | D:5      | Found a staircase to the Ecumenical Temple.
  4493 | Temple   | Entered the Ecumenical Temple
  4544 | Temple   | Became a worshipper of Vehumet
  4750 | D:5      | Found a sacrificial altar of Ru.
  4779 | D:5      | Reached skill level 6 in Spellcasting
  5839 | D:6      | Reached XP level 8. HP: 43/43 MP: 20/20
  5918 | D:6      | Found a shattered altar of Ashenzari.
  5929 | D:6      | Found a basalt altar of Yredelemnul.
  5933 | D:6      | Found a blossoming altar of Fedhas.
  5943 | D:6      | Reached skill level 5 in Conjurations
  5957 | D:6      | Reached skill level 7 in Spellcasting
  6038 | D:6      | Reached * piety under Vehumet
  6038 | D:6      | Offered knowledge of Shock by Vehumet.
  6845 | D:7      | Reached skill level 8 in Spellcasting
  7441 | D:7      | Found a bloodstained altar of Trog.
  7631 | D:8      | Reached ** piety under Vehumet
  7631 | D:8      | Offered knowledge of Searing Ray by Vehumet.
  7836 | D:8      | Noticed Maurice
  7878 | D:8      | Killed Maurice
  7878 | D:8      | Reached XP level 9. HP: 47/47 MP: 20/23
  7986 | D:8      | Noticed a manticore
  7998 | D:8      | Killed a manticore
  7998 | D:8      | Reached skill level 9 in Spellcasting
  8040 | D:8      | Noticed Erica
  8052 | D:8      | Killed Erica
  8298 | D:8      | Reached skill level 10 in Spellcasting
  8370 | D:8      | Found a staircase to the Lair.
  8490 | D:8      | Reached XP level 10. HP: 52/52 MP: 26/26
  8604 | D:8      | Offered knowledge of Dazzling Spray by Vehumet.
  9118 | Lair:1   | Entered Level 1 of the Lair of Beasts
  9143 | Lair:1   | Found a labyrinth entrance.
  9159 | Lab      | Entered a labyrinth
  9512 | Lab      | Reached *** piety under Vehumet
  9520 | Lab      | Reached skill level 11 in Spellcasting
  9654 | Lab      | Noticed a gargoyle
  9656 | Lab      | Killed a gargoyle
  9659 | Lab      | Noticed a gargoyle
  9661 | Lab      | Killed a gargoyle
  9789 | Lab      | Noticed a minotaur
  9796 | Lab      | Killed a minotaur
  9796 | Lab      | Reached skill level 10 in Fire Magic
  9884 | Lab      | Identified Bympeif's Grimoire of Supportive Feathers
  9980 | Lair:1   | Noticed a spiny frog
  9985 | Lair:1   | Killed a spiny frog
  9985 | Lair:1   | Reached skill level 12 in Spellcasting
 10174 | Lair:1   | Offered knowledge of Olgreb's Toxic Radiance by Vehumet.
 10174 | Lair:1   | Reached XP level 11. HP: 56/56 MP: 26/29
 10365 | Lair:1   | Noticed a four-headed hydra
 10371 | Lair:1   | Killed a four-headed hydra
 10734 | Lair:1   | Reached skill level 10 in Conjurations
 10908 | Lair:1   | Found a sparkling altar of Nemelex Xobeh.
 11448 | Lair:2   | Reached skill level 13 in Spellcasting
 11636 | Lair:2   | Reached **** piety under Vehumet
 11943 | Lair:2   | Found a shimmering altar of Xom.
 11943 | Lair:2   | Noticed an oklob plant
 11947 | Lair:2   | Killed an oklob plant
 12776 | Lair:3   | Found a frozen archway.
 12790 | IceCv    | Entered an ice cave
 12816 | IceCv    | Offered knowledge of Iskenderun's Battlesphere by Vehumet.
 13010 | IceCv    | Reached skill level 14 in Spellcasting
 13598 | IceCv    | Engulfed by a cloud of freezing vapour

Vault maps used:
D:1:      erik_arrival_cave_to_civilisation
D:3:      lemuel_upstairs_altar, lemuel_round_altar
D:4:      overflow_temple_1_default, lemuel_crystal_altar, first_ration,
          grunt_ministairs_8
D:5:      minmay_temple_entry_grid, cheibrodos_sewer_entry_sluice,
          hangedman_ru_absence
D:6:      grunt_temple_overflow_open, serial_undead, serial_undead_a,
          serial_undead_f, serial_undead_f, serial_undead_e
D:7:      kennysheep_little_box
D:8:      erik_lair_orcish_takeover, grunt_ministairs_13, uniq_maurice,
          uniq_erica
Temple:   regret_index_temple_waves
Lair:1:   lab_entry_generic, lemuel_centaur_altar
Lair:2:   lemuel_oklob_altar
Lair:3:   shoals_dummy_entry, nicolae_spider_entry_tight_spaces,
          portal_ice_cave_rime, serial_forest, infiniplex_forest_lined_2,
          infiniplex_forest_lined_2, infiniplex_forest_clump_C,
          infiniplex_forest_pool, infiniplex_forest_lined_room_3,
          infiniplex_forest_zigzag_2, infiniplex_forest_clump_C,
          roderic_batcave, grunt_megastairs_3
Lab:      labyrinth_watery, nicolae_lab_lava, labyrinth_skeletal_remains,
          labyrinth_glass_1, nicolae_lab_quarters
Sewer:    sewer_co_cracked_pipes
IceCv:    ice_cave_small_demon

Skill      XL: |  1  2  3  4  5  6  7  8  9 10 11 |
---------------+----------------------------------+-----
Fire Magic     | 4 5 6 7 8 10 11 | 11.4
Conjurations   | 2 3 4 6 7 9 11 | 11.0
Spellcasting   | 4 5 6 8 10 12 14 | 14.0
Stealth        | 3 4 |  4.7
Shields        | 1 2 3 4 |  4.5
Fighting       | 1 |  1.4
Dodging        | 3 |  3.2

Action                   |  1- 3 |  4- 6 |  7- 9 | 10-12 || total
-------------------------+-------+-------+-------+-------++-------
Melee: Staff             |       |       |     1 |       ||     1
 Cast: Flame Tongue      |    73 |   134 |   218 |    65 ||   490
       Throw Flame       |       |    19 |    30 |    28 ||    77
       Conjure Flame     |       |     4 |     3 |     7 ||    14
       Sticky Flame      |       |       |    20 |    17 ||    37
       Fireball          |       |       |     2 |    78 ||    80
Evoke: Wand              |       |       |       |     2 ||     2
  Use: Scroll            |       |    14 |     5 |     5 ||    24
       Potion            |       |       |       |     1 ||     1
  Eat: Chunk             |       |    11 |    14 |    31 ||    56
       Ration            |       |       |       |     2 ||     2
Armor: Robe              |     6 |     3 |     6 |     4 ||    19
       Skin              |       |       |     1 |       ||     1
Dodge: Dodged            |    31 |    22 |    29 |    12 ||    94
Block: Buckler           |       |     5 |    10 |    11 ||    26

Table legend:
 A = Spawn XP
 B = Non-spawn XP
 C = Spawn XP percentage of total XP
 D = Spawn monster count
 E = Non-spawn monster count
 F = Spawn count percentage of total count
 G = Total turns spent on level
                    A         B        C        D         E        F      G
               +---------+---------+-------+---------+---------+-------+---------
         Total |       0 |   20287 |   0.0 |       0 |     297 |   0.0 | 13598
               +---------+---------+-------+---------+---------+-------+---------
           D:1 |       0 |      58 |   0.0 |       0 |      29 |   0.0 |   942
           D:2 |       0 |      78 |   0.0 |       0 |      26 |   0.0 |   682
           D:3 |       0 |     135 |   0.0 |       0 |      22 |   0.0 |  1050
           D:4 |       0 |     278 |   0.0 |       0 |      10 |   0.0 |   865
           D:5 |       0 |     584 |   0.0 |       0 |      23 |   0.0 |  1410
           D:6 |       0 |     603 |   0.0 |       0 |      25 |   0.0 |   843
           D:7 |       0 |     488 |   0.0 |       0 |      21 |   0.0 |  1065
           D:8 |       0 |    4028 |   0.0 |       0 |      53 |   0.0 |  1603
        Lair:1 |       0 |    4533 |   0.0 |       0 |      23 |   0.0 |  1600
        Lair:2 |       0 |    4315 |   0.0 |       0 |      17 |   0.0 |  1263
        Lair:3 |       0 |     766 |   0.0 |       0 |       2 |   0.0 |    34
           Lab |       0 |    3010 |   0.0 |       0 |       8 |   0.0 |   755
         Sewer |       0 |      62 |   0.0 |       0 |      23 |   0.0 |   577
         IceCv |       0 |    1349 |   0.0 |       0 |      15 |   0.0 |   808
               +---------+---------+-------+---------+---------+-------+---------
